AoeStats
← n8gallagher

Arena

509780714Analyzed
1v1 RM · 5d ago on Sep 28, 2026· 71m 35s· 2 players
Game mode
Random Map
Map size
Tiny (2 player)
Population
200
Speed
Normal
Resources
Standard
Victory
Conquest
Starting age
Dark Age
Ending age
Imperial Age
RankedLock teamsTeams togetherTeam positionsShared explorationLock speedFull tech treeHidden civsTurbo modeCheats
Victory
Defeat
🇺🇸 Bohemians · United States
512
+14
🇧🇷 Teutons · Brazil
468
-14
plchn
11:25 Feudal Age
12:56 Wheelbarrow
12:11 Double-Bit Axe
12:53 Gold Mining
12:57 Stone Mining
12:56 Horse Collar
20:36 Castle Age
21:32 Hand Cart
21:31 Bow Saw
21:24 Heavy Plow
22:05 Stone Shaft Mining
27:33 Imperial Age
24:49 Town Watch
24:50 Loom
29:12 Conscription
28:57 Town Patrol
29:31 Crop Rotation
30:08 Two-Man Saw
28:57 Arson
29:13 Squires
29:26 Forging
29:17 Scale Mail Armor
30:10 Ironclad
31:37 Crenellations
33:19 Chemistry
33:08 Fortified Wall
33:15 Masonry
35:22 Hoardings
37:17 Iron Casting
36:58 Chain Mail Armor
38:05 Elite Teutonic Knight
40:09 Blast Furnace
39:40 Plate Mail Armor
n8gallagher
11:16 Feudal Age
16:36 Castle Age
14:24 Loom
15:03 Town Watch
17:12 Double-Bit Axe
17:11 Horse Collar
18:15 Wheelbarrow
22:48 Pikeman
23:32 Scale Mail Armor
25:32 Heavy Plow
26:07 Squires
27:25 Scale Barding Armor
29:34 Bow Saw
30:48 Hand Cart
31:44 Husbandry
37:27 Imperial Age
36:42 Town Patrol
37:41 Chain Barding Armor
37:44 Forging
39:02 Chemistry
38:19 Halberdier
39:44 Houfnice
42:09 Two-Man Saw
42:59 Iron Casting
42:41 Chain Mail Armor
42:34 Heavy Scorpion
45:15 Conscription
46:08 Fortified Wall
46:25 Light Cavalry
50:12 Blast Furnace
50:03 Plate Mail Armor
51:07 Hussite Reforms
52:00 Wagenburg Tactics
54:57 Murder Holes
55:23 Ballistics
58:18 Fervor
60:21 Block Printing
60:29 Sanctity
60:48 Theocracy
60:42 Illumination
71:27 Capped Ram
Connection lost

Rejoining the realm…

Still unreachable

The connection could not be restored.

Session expired

The server has moved on; the page needs a fresh start.